 Dungeon Crawl Stone Soup version 0.22.1-1-ga44c0e5 (webtiles) character file.

7 nixmar the Cudgeler (level 2, 19/19 HPs)
             Began as a Tengu Berserker on Oct 22, 2018.
             Was a Follower of Trog.
             Quit the game on level 1 of the Dungeon.
             The game lasted 00:01:21 (382 turns).

nixmar the Cudgeler (Tengu Berserker)                Turns: 382, Time: 00:01:22

Health: 19/19      AC:  5    Str: 17    XL:     2   Next: 0%
Magic:  3/3        EV: 11    Int:  7    God:    Trog [*.....]
Gold:   0          SH:  0    Dex: 13    Spells: 1/1 levels left

rFire    . . .     SeeInvis .   a - +0 mace
rCold    . . .     Gourm    .   (no shield)
rNeg     . . .     Faith    .   i - +0 ring mail
rPois    .         Spirit   .   (helmet restricted)
rElec    .         Reflect  .   (no cloak)
rCorr    .         Harm     .   (no gloves)
MR       .....                  (boots unavailable)
Stlth    +.........             (no amulet)
HPRegen  0.06/turn              (no ring)
MPRegen  0.08/turn              (no ring)

@: no status effects
A: beak, talons 3
a: Berserk, Renounce Religion


You were on level 1 of the Dungeon.
You worshipped Trog.
Trog was aware of your devotion.
You were not hungry.

You visited 1 branch of the dungeon, and saw 1 of its levels.

Inventory:

Hand Weapons
 a - a +0 mace (weapon)
Armour
 i - a +0 ring mail (worn)
Scrolls
 f - a scroll of fear {unknown}
 h - a scroll of teleportation {unknown}
 j - a scroll of remove curse {unknown}
Potions
 k - a potion of ambrosia {unknown}
Comestibles
 e - 2 rations


   Skills:
 + Level 3.4 Fighting
 - Level 3.4 Maces & Flails
 - Level 2.1 Armour
 - Level 2.1 Dodging


You had one spell level left.
You didn't know any spells.
Your spell library was empty.

Dungeon Overview and Level Annotations

Branches:
Dungeon (1/15)

Altars:


Innate Abilities, Weirdness & Mutations

You have a beak for a mouth.
You have claws for feet.


Message History

You feel yourself slow down.
g - a chunk of flesh You see here a frilled lizard skeleton.
You now have 8/14 hp.
You feel yourself speed up.
You recover from your berserk rage.
HP restored.
h - a scroll labeled FIZXETHRYFE Health restored: 14 You see here a ring mail.
i - a ring mail You start removing your armour.
You continue taking off your +0 animal skin. x4
You finish taking off your +0 animal skin.
You start putting on your armour.
You continue putting on your ring mail. x5
You finish putting on your +0 ring mail.
You drop a +0 animal skin.
Found a stone staircase leading down.
You enter a teleport trap!
The teleport trap disappears.
Your surroundings suddenly seem different.
A hobgoblin comes into view. It is wielding a club.
The hobgoblin shouts!
You hit the hobgoblin. Your kick misses the hobgoblin.
The hobgoblin is severely wounded.
The hobgoblin hits you but does no damage.
The hobgoblin misses you.
You closely miss the hobgoblin. Your kick misses the hobgoblin.
Your peck misses the hobgoblin.
The hobgoblin is severely wounded.
The hobgoblin hits you with a club.
You take 4 damage, and have 10/14 hp.
MASSIVE DAMAGE!!
You completely miss the hobgoblin.
The hobgoblin is severely wounded.
The hobgoblin hits you but does no damage.
You closely miss the hobgoblin. Your kick misses the hobgoblin.
Your peck misses the hobgoblin.
The hobgoblin is severely wounded.
The hobgoblin closely misses you.
Your ring mail prevents you from hitting the hobgoblin.
You claw the hobgoblin.
You kill the hobgoblin!
Trog accepts your kill.
No target in view!
No target in view!
You start resting.
All of the chunks of flesh in your inventory have rotted away.
HP restored.
Health restored: 14
j - a scroll labeled VOIDEA YCHERCHI A frilled lizard comes into view.
The frilled lizard hisses angrily.
You hit the frilled lizard.
You kill the frilled lizard!
Trog accepts your kill.
No target in view!
k - a dark potion A kobold comes into view.
The kobold shouts!
The kobold throws a stone.
The stone closely misses you.
You see here a stone.
The kobold throws a stone.
The stone hits you but does no damage.
You see here a stone.
The kobold throws a stone.
The stone hits you but does no damage.
You see here a stone.
The kobold throws a stone.
The stone closely misses you. The kobold hits you but does no damage.
You hit the kobold.
You kill the kobold!
Trog accepts your kill.
No target in view!
A kobold comes into view.
The kobold throws a stone.
The stone barely misses you.
The kobold throws a stone.
The stone closely misses you. The kobold closely misses you.
You closely miss the kobold. Your kick misses the kobold.
Your peck misses the kobold. The kobold hits you but does no damage.
The kobold closely misses you.
You hit the kobold.
The kobold is severely wounded.
The kobold hits you but does no damage.
You barely miss the kobold. Your kick misses the kobold. You peck the kobold.
You kill the kobold!
Trog accepts your kill.
Found a stone staircase leading down.
e - 2 rations (gained 1)
A bat comes into view.
Your library has no spells.
Your library has no spells.
Unknown command.
The bat closely misses you.
You closely miss the bat. The bat hits you. The bat barely misses you.
You take 1 damage, and have 13/14 hp.
You closely miss the bat. Your kick misses the bat. The bat barely misses you.
You thump the bat!
You kill the bat!
Trog accepts your kill.
You have reached level 2!
Health restored: 19; MP restored: 3 Are you sure you want to abandon this character and quit the game? (Confirm ██████ ███████████████ ...... ....!..@......██████ ...... .................>.█ ██████

█████.████████.██..█
.....█ █.█ █.██..█
...).█ █.█ █..█..█
.....█ █.█ ██.█..█
.....█ █████.█████
█.█..█ .....█
█.........█ █....█
.....█ █.(.......█
██...█


There were no monsters in sight!

Vanquished Creatures
  A bat (D:1)
  A hobgoblin (D:1)
  2 frilled lizards (D:1)
  2 kobolds (D:1)
  A rat (D:1)
7 creatures vanquished.

Notes
Turn   | Place    | Note
-------+----------+-------------------------------------------
     0 | D:1      | nixmar the Tengu Berserker began the quest for the Orb.
     0 | D:1      | Reached XP level 1. HP: 14/14 MP: 2/2
   381 | D:1      | Reached XP level 2. HP: 18/19 MP: 3/3
   382 | D:1      | Quit the game

Action                   || total
-------------------------++-------
Melee: Mace              ||    20
       Kick              ||     2
       Peck              ||     2
Invok: Berserk           ||     1
Armor: Ring mail         ||     5
Dodge: Dodged            ||    15

Vault maps used:
D:1:      dpeg_arrival_windows_large_door
